 Dungeon Crawl Stone Soup version 0.30-a0-972-gf3ab3527aa (webtiles) character file.

Game seed: 13897913619394116361

251 retardedninja the Chopper (level 6, -12/57 HPs)
             Began as a Naga Fighter on Mar 31, 2023.
             Killed from afar by Ijyb (18 damage)
             ... with a bolt of light
             ... on level 4 of the Dungeon.
             The game lasted 00:03:50 (2608 turns).

retardedninja the Chopper (Naga Fighter)            Turns: 2608, Time: 00:03:51

Health: -12/57     AC:  6    Str: 21    XL:     6   Next: 13%
Magic:  6/6        EV:  7    Int:  8    God:
Gold:   221        SH:  4    Dex: 10    Spells: 5/5 levels left

rFire   + . .      SeeInvis +    a - +0 war axe
rCold   . . .      Faith    .    c - +0 buckler
rNeg    . . .      Spirit   .    b - +0 scale mail
rPois   +          Reflect  .    (no helmet)
rElec   .          Rampage  .    (no cloak)
rCorr   .          Clarity  +    (no gloves)
Will    .....                    (no barding) Stlth
                                 (no amulet)
HPRegen 0.29/turn                n - ring of protection from fire
MPRegen 0.10/turn                (no ring)

@: very slow
A: AC +2, large, see invisible, deformed body, poison resistance, slowness 2,
spit poison 1, naga tail 1, clarity, shaggy fur 1, wild magic 1, MP-powered
wands
a: Spit Poison


You were on level 4 of the Dungeon.
You visited 1 branch of the dungeon, and saw 4 of its levels.

You collected 221 gold pieces.

Inventory:

Hand Weapons
 a - a +0 war axe (weapon)
Armour
 b - a +0 scale mail (worn)
 c - a +0 buckler (worn)
Jewellery
 n - a ring of protection from fire (left hand)
Wands
 e - a wand of polymorph (13)
Scrolls
 d - a scroll of identify
 f - a scroll of teleportation
 h - a scroll of butterflies {unknown}
 i - 2 scrolls of fog {unknown}
 k - 3 scrolls of amnesia
 m - a scroll of immolation {unknown}
Potions
 g - a potion of flight


   Skills:
 + Level 4.0 Fighting
 * Level 4.2 Axes
 + Level 3.2 Armour
 + Level 3.5 Shields


You had 5 spell levels left.
You didn't know any spells.
Your spell library contained the following spells:

 Spells                   Type           Power      Damage    Failure   Level
 Magic Dart               Conj           0%         1d3       87%         1
 Call Imp                 Summ           0%         N/A       95%         2
 Mephitic Cloud           Conj/Pois/Air  0%         N/A       99%         3


Dungeon Overview and Level Annotations

Branches:
Dungeon (4/15)
 Temple: D:4-7

Altars:

Shops:
D:1 ?   D:2 *

Annotations:
D:2 1 runed translucent door, Crazy Yiuf
D:4 Ijyb


Innate Abilities, Weirdness & Mutations

Your serpentine skin is tough. (AC +2)
You have supernaturally acute eyesight. (SInv)
Armour fits poorly on your strangely shaped body.
Your system is resistant to poisons. (rPois)
You cover ground very slowly.
You can spit poison.
You have a snake-like lower body.
You possess an exceptional clarity of mind.
You are covered in fur. (AC +1)
Your spells are a little harder to cast, but a little more powerful.
You expend magic power (3 MP) to strengthen your wands.


Message History

Ijyb is lightly wounded.
Ijyb hits you but does no damage. Ijyb barely misses you.
You feel better.
Ijyb zaps a wand.
The bolt of light misses you.
You completely miss Ijyb.
Ijyb is lightly wounded.
Ijyb hits you but does no damage.
You barely miss Ijyb.
Ijyb is lightly wounded.
Ijyb zaps a wand.
The bolt of light hits you.
You closely miss Ijyb.
Ijyb is lightly wounded.
You block Ijyb's attack. Ijyb hits you but does no damage.
You barely miss Ijyb.
Ijyb is lightly wounded.
Ijyb hits you with a +0 dagger.
* * * LOW HITPOINT WARNING * * *
You hit Ijyb but do no damage.
Ijyb is lightly wounded.
You block Ijyb's attack.
You barely miss Ijyb.
Ijyb is lightly wounded.
Ijyb hits you but does no damage.
Ijyb zaps a wand.
The bolt of light hits you.
You feel momentarily confused.
* * * LOW HITPOINT WARNING * * *
You closely miss Ijyb.
Ijyb is lightly wounded.
Ijyb hits you with a +0 dagger.
* * * LOW HITPOINT WARNING * * *
You slash Ijyb!
Ijyb is heavily wounded.
Ijyb hits you but does no damage.
You hit Ijyb.
Ijyb is heavily wounded.
Ijyb zaps a wand.
The bolt of light misses you.
You hit Ijyb but do no damage.
Ijyb is heavily wounded.
Ijyb hits you with a +0 dagger.
* * * LOW HITPOINT WARNING * * *
Ijyb zaps a wand.
The bolt of light hits you!!
You die...

.#.#....... ...#.......##
..##
##...........######....
#...........#.........
##.#........#..$.....#
#.#.....#.?.........
###†...#..###.......
......##.##.....g#######.
............##..@........
##.....#.......##########
#........................
.................#######.
..........>.............
...####.####....########
...# #.# #....# ...# #.#
#....# ...# #.# #....#


You could see Ijyb.

Vanquished Creatures
  A scorpion (D:4)
  Jessica (D:2)
  Terence (D:3)
  3 gnolls (D:3)
  5 adders
  2 worms
  3 dart slugs
  An orc (D:3)
  2 bats
  5 endoplasms
  A giant cockroach (D:1)
  4 hobgoblins
  3 quokkas
  6 ball pythons
  5 frilled lizards
  6 goblins
  5 kobolds
  7 rats
61 creatures vanquished.

Notes
Turn   | Place    | Note
-------+----------+-------------------------------------------
     0 | D:1      | retardedninja the Naga Fighter began the quest for the Orb.
     0 | D:1      | Reached XP level 1. HP: 21/21 MP: 1/1
   376 | D:1      | Reached XP level 2. HP: 27/28 MP: 2/2
   569 | D:1      | Found a faded altar of an unknown god.
   583 | D:1      | Found Burexuukh's Magic Scroll Shop.
   668 | D:1      | You fall into a shaft and drop 1 floor!
   689 | D:2      | Reached XP level 3. HP: 26/34 MP: 3/3
   742 | D:2      | Noticed Jessica
   748 | D:2      | Killed Jessica
   822 | D:1      | Reached XP level 4. HP: 42/42 MP: 4/4
  1020 | D:2      | Found Fuliofoa's General Store.
  1263 | D:2      | Found a runed translucent door.
  1264 | D:2      | Noticed Crazy Yiuf
  1637 | D:3      | Noticed Terence
  1641 | D:3      | Killed Terence
  1642 | D:3      | Reached XP level 5. HP: 41/50 MP: 5/5
  1873 | D:3      | Gained mutation: You are covered in fur. (AC +1) [potion of
                  | mutation]
  1873 | D:3      | Gained mutation: You possess an exceptional clarity of
                  | mind. [potion of mutation]
  1873 | D:3      | Gained mutation: You expend magic power (3 MP) to
                  | strengthen your wands. [potion of mutation]
  1873 | D:3      | Gained mutation: Your spells are a little harder to cast,
                  | but a little more powerful. [potion of mutation]
  2550 | D:4      | Reached XP level 6. HP: 53/57 MP: 6/6
  2589 | D:4      | Noticed Ijyb
  2608 | D:4      | Killed from afar by Ijyb

Illustrated notes

Levels and vault maps discovered:
D:1:      nagdon_arrival_double_spiral, layout_rooms, serial_shops, shop,
          ebering_ecumenical_altar_sacrificial, minmay_misc_feat_columns,
          chequers_serial_rivers_room_a
D:2:      layout_rooms, serial_shops, nicolae_diamond_shop, uniq_jessica,
          uniq_crazy_yiuf_cottage
D:3:      layout_loops_ring, uniq_terence
D:4:      layout_rooms, serial_co_window_serial, co_window_corner_a,
          co_window_paths_b, co_window_corner_a, co_window_cross_1,
          co_window_corner_a, co_window_corner_a, co_window_paths_a,
          co_window_paths_c, co_window_paths_c, co_window_2corner,
          co_window_paths_d, co_window_4corner_b, glass_columns_a,
          glass_columns_b, glass_columns_a, uniq_pikel, uniq_sigmund,
          uniq_eustachio, uniq_ijyb

Skill      XL: |  1  2  3  4  5 |
---------------+----------------+-----
Axes           | 3 4 |  4.2
Shields        | 3 |  3.5
Armour         | 3 |  3.2
Fighting       | 4 |  4.0

Action                     |  1- 3 |  4- 6 || total
---------------------------+-------+-------++-------
  Melee: War axe           |    57 |   128 ||   185
    Use: Scroll            |       |     5 ||     5
         Potion            |       |     6 ||     6
 Armour: Scale mail        |    25 |    60 ||    85
  Dodge: Dodged            |    26 |    43 ||    69
  Block: Buckler           |    15 |    21 ||    36

Table legend: (Time is in decaauts)
 A = Elapsed time spent in this place.
 B = Non-inter-level travel time spent in this place.
 C = Inter-level travel time spent in this place.
 D = Time resting spent in this place.
 E = Time spent auto-exploring this place.
 F = Levels seen in this place.
 G = Mean time per level.
                   A        B        C        D        E       F      G
               +--------+--------+--------+--------+--------+-----+--------+
         Total |   3344 |   3254 |     90 |    324 |   2393 |   4 |  836.0 |
       Dungeon |   3344 |   3254 |     90 |    324 |   2393 |   4 |  836.0 |
               +--------+--------+--------+--------+--------+-----+--------+

Top non-repeatable levels by time:
     D:3: 1232 daAuts
     D:1: 1104 daAuts
     D:2: 855 daAuts
     D:4: 151 daAuts
